 Dungeon Crawl Stone Soup version 0.25-a0-265-g7af84ae0ac (webtiles) character file.

Game seed: 15465191708102850083, levelgen mode: deterministic

90 MisterFreud the Skirmisher (level 4, -1/37 HPs)
             Began as a Human Wanderer on Dec 8, 2019.
             Slain by an adder (2 damage)
             ... on level 2 of the Dungeon.
             The game lasted 00:03:27 (1994 turns).

MisterFreud the Skirmisher (Human Wanderer)         Turns: 1994, Time: 00:03:28

Health: -1/37      AC:  3    Str: 12    XL:     4   Next: 85%
Magic:  8/8        EV: 13    Int: 12    God:
Gold:   122        SH:  8    Dex: 19    Spells: 8/9 levels left

rFire    . . .     SeeInvis .   a - +0 hand axe
rCold    . . .     Gourm    .   c - +0 shield
rNeg     . . .     Faith    .   d - +0 robe
rPois    .         Spirit   .   j - +0 helmet
rElec    .         Reflect  .   (no cloak)
rCorr    .         Harm     .   (no gloves)
MR       .....                  (no boots)
Stlth    +++.......             (no amulet)
HPRegen  0.12/turn              (no ring)
MPRegen  0.11/turn              (no ring)

@: agile, lethally poisoned (-1 -> -7), flying
A: no striking features
a: no special abilities


You were on level 2 of the Dungeon.
You were not hungry.

You visited 1 branch of the dungeon, and saw 2 of its levels.

You collected 122 gold pieces.

Inventory:

Hand Weapons
 a - a +0 hand axe (weapon)
Missiles
 e - 103 stones (quivered)
 h - 37 arrows
 l - 20 bolts
Armour
 c - a +0 shield (worn)
 d - a +0 robe (worn)
 j - a +0 helmet (worn)
Scrolls
 b - a scroll of noise {unknown}
 g - 2 scrolls of enchant armour {unknown}
 n - a scroll of random uselessness {unknown}
Potions
 o - a potion of berserk rage {unknown}
Comestibles
 f - 4 rations
 m - 3 chunks of flesh


   Skills:
 + Level 4.2 Fighting
 - Level 1.0 Axes
 - Level 1.0 Throwing
 - Level 1.0 Armour
 - Level 1.0 Shields
 - Level 3.0 Spellcasting
 - Level 2.0 Conjurations


You had 8 spell levels left.
You knew the following spells:

 Your Spells              Type           Power        Failure   Level  Hunger
a - Foxfire               Conj/Fire      #...         69%         1    #......

Your spell library contained the following spells:

 Spells                   Type           Power        Failure   Level  Hunger
 Ignite Poison            Fire/Tmut/Pois #.......     99%         3    ###....


Dungeon Overview and Level Annotations

Branches:
Dungeon (2/15)

Altars:
Ru


Message History

The adder is severely wounded.
The adder bites you.
* * * LOW HITPOINT WARNING * * *
You are lethally poisoned!
The adder poisons you!
You miss the adder.
The adder is severely wounded.
* * * LOW HITPOINT WARNING * * *
You feel sick. The adder closely misses you. The adder bites you.
* * * LOW HITPOINT WARNING * * *
It was a potion of flight.
You feel very buoyant.
You fly up into the air.
* * * LOW HITPOINT WARNING * * *
You feel sick. The adder closely misses you.
It was a potion of agility.
You feel agile all of a sudden.
* * * LOW HITPOINT WARNING * * *
You feel sick. The adder bites you.
You die...

.# #... .. # #..# .#.#
.!##.#. ## # ......
..###### # #.#.. #.....#
# #.#.# #.....# #
..[####S#.######.....###
.......@.......'.....+..
##.####.#.######.....###
......†........'........
##.#......######.....###
#......# #.....# #
#......# #.....# #
..###..# ####### # ...
##.# # .... .. #


You could see an adder.

Vanquished Creatures
  Jessica (D:2)
  3 adders (D:2)
  2 leopard geckos (D:1)
  4 bats
  4 giant cockroaches
  3 goblins
  6 hobgoblins
  A ball python (D:2)
  A frilled lizard (D:1)
  7 kobolds
  4 rats
36 creatures vanquished.

Notes
Turn   | Place    | Note
-------+----------+-------------------------------------------
     0 | D:1      | MisterFreud the Human Wanderer began the quest for the Orb.
     0 | D:1      | MisterFreud set off with the following items: a +0 hand
                  | axe, a +0 shield, a +0 robe, a ration; and the following
                  | spell memorised: Foxfire; and the following spells
                  | available to memorise: Ignite Poison
     0 | D:1      | Reached XP level 1. HP: 15/15 MP: 4/4
   285 | D:1      | Reached XP level 2. HP: 9/22 MP: 6/6
   289 | D:1      | Reached skill level 2 in Fighting
   972 | D:1      | Reached XP level 3. HP: 20/28 MP: 7/7
  1355 | D:2      | Noticed Jessica
  1371 | D:2      | Killed Jessica
  1371 | D:2      | Reached skill level 3 in Fighting
  1371 | D:2      | Reached XP level 4. HP: 11/35 MP: 8/8
  1514 | D:2      | Found a sacrificial altar of Ru.
  1858 | D:2      | Reached skill level 4 in Fighting
  1993 | D:2      | HP: 1/37 [poisoned by an adder]
  1994 | D:2      | Slain by an adder

Levels and vault maps discovered:
D:1:      psy_arrival_basics, layout_rooms
D:2:      minmay_spotlight, layout_basic, hangedman_ru_absence, minmay_domino_4,
          uniq_jessica

Skill      XL: |  1  2  3  4 |
---------------+-------------+-----
Fighting       | 2 3 4 |  4.2
Axes           | |  1.0
Throwing       | |  1.0
Armour         | |  1.0
Shields        | |  1.0
Spellcasting   | |  3.0
Conjurations   | |  2.0

Action                   |  1- 3 |  4- 6 || total
-------------------------+-------+-------++-------
Melee: Hand axe          |    96 |    55 ||   151
  Use: Potion            |     1 |     2 ||     3
  Eat: Chunk             |     1 |     3 ||     4
Armor: Robe              |    32 |     9 ||    41
       Skin              |     2 |       ||     2
Dodge: Dodged            |    52 |    25 ||    77
Block: Shield            |    46 |    26 ||    72

Table legend:
 A = Non-vault XP
 B = Vault XP
 C = Vault XP percentage of total XP
 D = Non-vault monster count
 E = Vault monster count
 F = Vault count percentage of total count
                 A         B        C        D         E       F
            +---------+---------+-------+---------+---------+-------
      Total |      74 |      55 |  42.6 |      31 |       5 |  13.9
            +---------+---------+-------+---------+---------+-------
        D:1 |      36 |       0 |   0.0 |      21 |       0 |   0.0
        D:2 |      38 |      55 |  59.1 |      10 |       5 |  33.3
            +---------+---------+-------+---------+---------+-------
